 Dungeon Crawl Stone Soup version 0.31-a0-232-gb1c03b2570 (webtiles) character file.

Game seed: 16516512125744562462

373 qw the Shooter (level 6, -1/37 HPs)
             Began as a Gargoyle Hexslinger on July 7, 2023.
             Slain by an orc
             ... wielding a +0 hand axe
              (2 damage)
             ... on level 3 of the Dungeon.
             The game lasted 00:01:31 (1860 turns).

qw the Shooter (Gargoyle Hexslinger)                Turns: 1860, Time: 00:01:32

Health: -1/37      AC: 11    Str: 11    XL:     6   Next: 71%
Magic:  7/7        EV: 10    Int: 14    God:
Gold:   123        SH:  0    Dex: 14    Spells: 6/7 levels left

rFire   . . .        Y - +1 sling
rCold   . . .        (no shield)
rNeg    + . .        b - +0 ring mail
rPois   inf          (no helmet)
rElec   +            g - +1 cloak
rCorr   .            (no gloves)
SInv    .            (no boots)
Will    .....        (no amulet)
Stlth   +            (no ring)
HPRegen 0.26/turn    (no ring)
MPRegen 0.10/turn

%: no passive effects
@: no status effects
A: sickness immunity, AC +4, negative energy resistance 1, electricity
resistance, torment resistance 1, petrification resistance
a: no special abilities


You were on level 3 of the Dungeon.
You visited 1 branch of the dungeon, and saw 3 of its levels.

You collected 123 gold pieces.


Innate Abilities, Weirdness & Mutations

You are immune to sickness and miasma.
Your stone body is resilient. (AC +4)
You are immune to poison.
You resist negative energy. (rN+)
You are resistant to electric shocks. (rElec)
You are resistant to unholy torment.
You are immune to petrification.


   Skills:
 - Level 3.6 Fighting
 + Level 5.9 Ranged Weapons
 - Level 1.0 Armour
 - Level 1.5 Dodging
 - Level 1.0 Spellcasting
 - Level 2.6 Hexes


You had 6 spell levels left.
You knew the following spells:

 Your Spells              Type           Power      Damage    Failure   Level
a - Slow                  Hex            32%        N/A       21%         1

Your spell library contained the following spells:

 Spells                   Type           Power      Damage    Failure   Level
 Inner Flame              Hex/Fire       4%         N/A       71%         3
 Portal Projectile        Hex/Tloc       8%         N/A       71%         3
 Cause Fear               Hex            4%         N/A       90%         4

Inventory:

Hand Weapons
 Y - a +1 sling (weapon)
Armour
 b - a +0 ring mail (worn)
 g - a +1 cloak (worn)
Jewellery
 h - a ring of fire
Scrolls
 a - a scroll of identify
Potions
 e - a potion of mutation

Dungeon Overview and Level Annotations

Branches:
Dungeon (3/15)

Altars:


Message History

The orc hits you with a +0 hand axe.
The kobold brigand hits you but does no damage.
You shoot a sling bullet.
The sling bullet closely misses the kobold brigand.
The sling bullet hits the gnoll.
The gnoll is heavily wounded.
The orc wizard mumbles some strange words.
The orc wizard flickers and vanishes!
Deactivating autopickup; reactivate with Ctrl-A.
The orc misses you. The kobold brigand barely misses you.
You shoot a sling bullet.
The sling bullet hits the kobold brigand.
The kobold brigand is moderately wounded.
The orc hits you but does no damage. The kobold brigand barely misses you.
The orc hits you with a +0 hand axe.
You shoot a sling bullet.
The sling bullet hits the kobold brigand.
The kobold brigand is moderately wounded.
The kobold brigand hits you with a +0 dagger.
The orc hits you but does no damage.
You shoot a sling bullet.
The sling bullet hits the kobold brigand but does no damage.
The kobold brigand is moderately wounded.
The kobold brigand closely misses you. The kobold brigand barely misses you.
You shoot a sling bullet.
The sling bullet barely misses the kobold brigand.
The sling bullet barely misses the gnoll.
The sling bullet hits the gnoll.
The gnoll is moderately wounded.
Something hits you but does no damage. The orc barely misses you.
The kobold brigand hits you but does no damage.
The gnoll closely misses you.
You shoot a sling bullet.
The sling bullet barely misses the kobold brigand.
The sling bullet barely misses the gnoll.
The orc hits you with a +0 hand axe. Something hits you but does no damage.
The kobold brigand barely misses you.
The gnoll hits you from afar with a +0 spear.
Something hits you but does no damage. The orc hits you with a +0 hand axe.
You die...

#.# #.########.##.#... #.#
#))....o...)..<...
#.##################....##..
###..................)........
.......).))...................
~~~~~~~~~~~~~~~~....~~~~~~~~~~
~~~~~~~~~~~~~~~~....~~~~~~~~~~
####~~~~~~~~~~~~....~~~~~~~~~~
.go#)...........@o............
...#############K{''#### ##'#
#gg..# .#.. #....# .# #....#
.# #)...# .# #....# .# '....'
.#


You could see a kobold brigand, 2 gnolls and an orc.

Vanquished Creatures
  2 howler monkeys (D:3)
  A hound (D:3)
  A gnoll bouda (D:3)
  2 orc wizards
  6 gnolls (D:3)
  3 adders (D:2)
  A dart slug (D:1)
  15 orcs
  3 bats (D:1)
  6 endoplasms
  A giant cockroach (D:2)
  5 goblins
  11 hobgoblins
  14 jackals
  3 quokkas (D:1)
  5 ball pythons
  4 frilled lizards
  6 kobolds
  A rat (D:3)
90 creatures vanquished.

Notes
Turn   | Place    | Note
-------+----------+-------------------------------------------
     0 | D:1      | qw the Gargoyle Hexslinger began the quest for the Orb.
     0 | D:1      | Reached XP level 1. HP: 12/12 MP: 2/2
     0 | D:1      | 0 ||| qw: Version: 0.3-a-46-gb1f654a
     0 | D:1      | 0 ||| qw: Game counter: 2756
     0 | D:1      | 0 ||| qw: Melee chars always use a shield: true
     0 | D:1      | 0 ||| qw: God list: Okawaru
     0 | D:1      | 0 ||| qw: Allow faded altars: false
     0 | D:1      | 0 ||| qw: Do Orc after clearing Dungeon:15 true
     0 | D:1      | 0 ||| qw: Do second Lair branch before Depths: true
     0 | D:1      | 0 ||| qw: Lair rune preference: random
     0 | D:1      | 0 ||| qw: Goals: Normal
     0 | D:1      | 0 ||| PLANNING D:1-11
    19 | D:1      | 19 ||| FLEEEEING.
    20 | D:1      | 20 ||| DROPPING scroll of poison.
   111 | D:1      | Reached XP level 2. HP: 16/16 MP: 3/3
   193 | D:1      | Reached skill level 3 in Ranged Weapons
   240 | D:1      | Reached XP level 3. HP: 21/21 MP: 4/4
   623 | D:1      | 623 ||| UPGRADING to +0 ring mail.
   633 | D:1      | 633 ||| DROPPING +0 robe.
   634 | D:1      | 634 ||| UPGRADING to +1 cloak.
   639 | D:1      | 639 ||| READING 2 scrolls labelled QETAYSOXZI.
   640 | D:1      | 640 ||| DRINKING 2 brown potions.
   674 | D:1      | 674 ||| DROPPING potion of lignification.
   732 | D:2      | Reached skill level 1 in Armour
   833 | D:2      | Reached XP level 4. HP: 26/26 MP: 5/5
   935 | D:2      | Reached skill level 4 in Ranged Weapons
  1012 | D:2      | Found a faded altar of an unknown god.
  1171 | D:2      | 1171 ||| READING scroll labelled XATZILOUXIO.
  1172 | D:2      | 1172 ||| READING scroll labelled KOHUELIRAUBB.
  1173 | D:2      | 1173 ||| READING 2 scrolls of identify.
  1173 | D:2      | 1173 ||| IDENTIFYING glowing green potion
  1194 | D:3      | 1194 ||| STAIRDANCE
  1247 | D:2      | 1247 ||| READING 2 scrolls of identify.
  1247 | D:2      | 1247 ||| IDENTIFYING clear potion
  1248 | D:2      | 1248 ||| DROPPING potion of degeneration.
  1256 | D:3      | 1256 ||| STAIRDANCE
  1352 | D:3      | Reached XP level 5. HP: 30/30 MP: 6/6
  1373 | D:3      | 1373 ||| FLEEEEING.
  1374 | D:3      | 1374 ||| FLEEEEING.
  1375 | D:3      | 1375 ||| FLEEEEING.
  1376 | D:3      | 1376 ||| FLEEEEING.
  1377 | D:3      | 1377 ||| FLEEEEING.
  1471 | D:3      | Reached skill level 5 in Ranged Weapons
  1553 | D:3      | Reached skill level 3 in Fighting
  1553 | D:3      | Reached XP level 6. HP: 37/37 MP: 7/7
  1710 | D:3      | 1710 ||| FLEEEEING.
  1718 | D:3      | 1718 ||| FLEEEEING.
  1719 | D:3      | 1719 ||| FLEEEEING.
  1720 | D:3      | 1720 ||| FLEEEEING.
  1721 | D:3      | 1721 ||| FLEEEEING.
  1728 | D:3      | 1728 ||| FLEEEEING.
  1729 | D:3      | 1729 ||| FLEEEEING.
  1730 | D:3      | 1730 ||| FLEEEEING.
  1731 | D:3      | 1731 ||| FLEEEEING.
  1732 | D:3      | 1732 ||| FLEEEEING.
  1737 | D:3      | 1737 ||| FLEEEEING.
  1742 | D:3      | 1742 ||| FLEEEEING.
  1743 | D:3      | 1743 ||| FLEEEEING.
  1744 | D:3      | 1744 ||| FLEEEEING.
  1745 | D:3      | 1745 ||| FLEEEEING.
  1746 | D:3      | 1746 ||| FLEEEEING.
  1747 | D:3      | 1747 ||| FLEEEEING.
  1748 | D:3      | 1748 ||| FLEEEEING.
  1749 | D:3      | 1749 ||| FLEEEEING.
  1750 | D:3      | 1750 ||| FLEEEEING.
  1751 | D:3      | 1751 ||| FLEEEEING.
  1752 | D:3      | 1752 ||| FLEEEEING.
  1753 | D:3      | 1753 ||| FLEEEEING.
  1754 | D:3      | 1754 ||| FLEEEEING.
  1755 | D:3      | 1755 ||| FLEEEEING.
  1756 | D:3      | 1756 ||| FLEEEEING.
  1757 | D:3      | 1757 ||| FLEEEEING.
  1758 | D:3      | 1758 ||| FLEEEEING.
  1850 | D:3      | HP: 9/37 [kobold brigand/+0 dagger (3)]
  1856 | D:3      | HP: 5/37 [orc/+0 hand axe (2)]
  1860 | D:3      | HP: 1/37 [gnoll/+0 spear (2)]
  1860 | D:3      | Slain by an orc

Levels and vault maps discovered:
D:1:      roderic_crop_circles_arrival_small, layout_basic, minmay_surrounded
D:2:      layout_rooms, chequers_ecumenical_altar_grove
D:3:      lemuel_castle_with_subvaults [lemuel_castle_interior_carwin_2],
          layout_basic, chequers_serial_rivers_small_b, uniq_terence

Skill      XL: |  1  2  3  4  5 |
---------------+----------------+-----
Ranged Weapons | 3 4 5 |  5.9
Fighting       | 2 3 |  3.6
Armour         | 1 |  1.0
Dodging        | |  1.5
Spellcasting   | |  1.0
Hexes          | |  2.6

Action                     |  1- 3 |  4- 6 || total
---------------------------+-------+-------++-------
   Fire: Sling             |   120 |   293 ||   413
    Use: Scroll            |     1 |     4 ||     5
         Potion            |     1 |       ||     1
 Armour: Robe              |    10 |       ||    10
         Ring mail         |     9 |   178 ||   187
  Dodge: Dodged            |    41 |   130 ||   171

Table legend:
 A = Non-vault XP
 B = Vault XP
 C = Vault XP percentage of total XP
 D = Non-vault monster count
 E = Vault monster count
 F = Vault count percentage of total count
                 A         B        C        D         E       F
            +---------+---------+-------+---------+---------+-------
      Total |     227 |     306 |  57.4 |      63 |      27 |  30.0
            +---------+---------+-------+---------+---------+-------
        D:1 |      51 |       5 |   8.9 |      29 |       3 |   9.4
        D:2 |     105 |       0 |   0.0 |      20 |       0 |   0.0
        D:3 |      71 |     301 |  80.9 |      14 |      24 |  63.2
            +---------+---------+-------+---------+---------+-------
